 Dungeon Sprint DCSS version 0.22.1-2-g9c5b331 (webtiles) character file.

1192 diana the Basher (level 8, -10/56 HPs)
             Began as a Gargoyle Gladiator on Dec 24, 2018.
             Was an Initiate of Cheibriados.
             Mangled by Snorg (13 damage)
             ... in the Dungeon (Sprint III: "The Ten Rune Challenge").
             The game lasted 00:03:12 (937 turns).

diana the Basher (Gargoyle Gladiator)                Turns: 937, Time: 00:03:13

Health: -10/56     AC: 19    Str: 20    XL:     8   Next: 43%
Magic:  8/8        EV: 14    Int: 16    God:    Cheibriados [......]
Gold:   47         SH:  0    Dex: 12    Spells: 7/7 levels left

rFire    . . .     SeeInvis .   a - +0 flail
rCold    + . .     Gourm    .   (no shield)
rNeg     + . .     Faith    .   l - +0 ring mail
rPois    ∞         Spirit   .   c - +0 helmet
rElec    +         Reflect  .   j - +2 cloak
rCorr    .         Harm     .   (no gloves)
MR       +....     NoTele   +   (no boots)
Stlth    +.........             (no amulet)
HPRegen  0.18/turn              (no ring)
MPRegen  0.11/turn              (no ring)

@: brilliant, very slow
A: molten scales 1, cold resistance 1, magic resistance 1, negative energy
resistance 1, electricity resistance, unbreathing, petrification resistance, rot
immunity, AC +5
a: Bend Time, Renounce Religion


You were in the Dungeon.
You worshipped Cheibriados.
Cheibriados was noncommittal.
You were not hungry.

You visited 1 branch You collected 47 gold pieces.

Inventory:

Hand Weapons
 a - a +0 flail (weapon)
Armour
 b - a +0 leather armour
 c - a +0 helmet (worn)
 j - a +2 cloak (worn)
 l - a +0 ring mail (worn)
Scrolls
 k - a scroll of blinking
 m - 2 scrolls of holy word {unknown}
 n - a scroll of amnesia {unknown}
 o - 3 scrolls of remove curse
 q - a scroll of identify {unknown}
Potions
 i - 2 potions of magic
 p - 2 potions of flight
 s - 4 potions of mutation
Miscellaneous
 g - a sack of spiders
Comestibles
 f - 4 rations


   Skills:
 + Level 9.2 Fighting
 * Level 11.7 Maces & Flails
 - Level 1.7 Throwing
 + Level 8.8 Armour
 + Level 7.3 Dodging
 + Level 0.0 Invocations


You had 7 spell levels left.
You didn't know any spells.
Your spell library contained the following spells:

 Spells                   Type           Power        Failure   Level  Hunger
 Magic Dart               Conj           #...         4%          1    ##.....
 Blink                    Tloc           N/A          7%          2    ###....
 Call Imp                 Summ           #.......     7%          2    ###....
 Slow                     Hex            #.......     7%          2    ###....
 Conjure Flame            Conj/Fire      #.......     13%         3    ####...
 Mephitic Cloud           Conj/Pois/Air  #.......     13%         3    ####...


Dungeon Overview and Level Annotations

Branches:
Dungeon (1/1)

Altars:
Cheibriados
Dithmenos
Elyvilon
Fedhas
Gozag
Hepliaklqana
Kikubaaqudgha
Makhleb
Nemelex Xobeh
Okawaru
Qazlal
Ru
Sif Muna
Trog
Uskayaw
Vehumet
Wu Jian
Xom
Yredelemnul
Zin
The Shining One
Beogh
Jiyva
Lugonu

Annotations:
D Snorg


Innate Abilities, Weirdness & Mutations

You are resistant to torment.
Your stone body is resilient. (AC +5)
You are immune to poison.
You resist negative energy. (rN+)
You are resistant to electric shocks. (rElec)
You can survive without breathing.
You are immune to petrification.
You are immune to rotting.
You are partially covered in molten scales. (AC +2)
Your flesh is cold resistant. (rC+)
You are resistant to hostile enchantments. (MR+)


Message History

You hit Snorg.
Snorg is moderately wounded.
Snorg struggles against the net.
You hit Snorg.
Snorg is moderately wounded.
Snorg struggles against the net.
The net rips apart, and Snorg comes free!
You sock Snorg!
Snorg is moderately wounded.
Snorg bites you but does no damage. Snorg barely misses you.
Snorg completely misses you. Snorg bites you!
* * * LOW HITPOINT WARNING * * *
Snorg barely misses you. Snorg claws you.
* * * LOW HITPOINT WARNING * * *
You sock Snorg!
Snorg is moderately wounded.
Snorg bites you but does no damage. Snorg claws you.
* * * LOW HITPOINT WARNING * * *
Snorg claws you!
You die...

.#)..#__.#._#
.###'#'###)##
.#..........#
.).⌠........#
.#...######'#
.#.⌠.#__#...#+#####
.#...#__#...#.§§§≈+
.#'###__#...#.#§§§#
.#)..#__#...'.#T@§#
.#___#__'...#.#.§§#
▓▓▓▓▓▓▓▓▓▓▓▓▓▓▓▓▓▓▓


You could see Snorg (berserk).

Vanquished Creatures
  A deep elf mage (D)
  A shadow (D)
  A spatial vortex (D)
  A necrophage (D)
  A water elemental (D)
  A jelly (D)
  A wizard (D)
  Crazy Yiuf (D)
  A necromancer (D)
  3 humans (D)
  A kobold demonologist (D)
  An ooze (D)
  3 rats (D)
17 creatures vanquished.

Vanquished Creatures (others)
  2 draconian scorchers (D)
  2 yaktaurs (D)
  6 hellions (D)
  4 plants (D)
14 creatures vanquished.

Grand Total: 31 creatures vanquished

Notes
Turn   | Place    | Note
-------+----------+-------------------------------------------
     0 | D        | diana the Gargoyle Gladiator began the quest for the Orb.
     0 | D        | Reached XP level 1. HP: 12/12 MP: 1/1
     7 | D        | Reached skill level 1 in Armour
    30 | D        | Reached XP level 2. HP: 18/18 MP: 2/2
    46 | D        | Noticed Crazy Yiuf
    55 | D        | Killed Crazy Yiuf
    55 | D        | Reached skill level 5 in Maces & Flails
    55 | D        | Reached XP level 3. HP: 24/24 MP: 3/3
    92 | D        | Gained mutation: You are partially covered in molten
                  | scales. (AC +2) [potion of mutation]
    92 | D        | Gained mutation: Your flesh is cold resistant. (rC+)
                  | [potion of mutation]
    92 | D        | Gained mutation: You are resistant to hostile enchantments.
                  | (MR+) [potion of mutation]
   126 | D        | Killed a hellion
   128 | D        | Killed a hellion
   138 | D        | Killed a hellion
   138 | D        | Killed a hellion
   152 | D        | Killed a hellion
   154 | D        | Noticed a water elemental
   163 | D        | Killed a water elemental
   163 | D        | Reached skill level 5 in Fighting
   163 | D        | Reached skill level 6 in Maces & Flails
   163 | D        | Reached XP level 4. HP: 25/31 MP: 4/4
   164 | D        | Killed a white draconian scorcher
   196 | D        | Killed a white draconian scorcher
   219 | D        | Found a radiant altar of Vehumet.
   219 | D        | Found a deep blue altar of Sif Muna.
   219 | D        | Found an ancient bone altar of Kikubaaqudgha.
   219 | D        | Noticed a wizard
   225 | D        | Killed a wizard
   225 | D        | Reached skill level 7 in Maces & Flails
   225 | D        | Reached XP level 5. HP: 25/35 MP: 5/5
   248 | D        | Killed a hellion
   309 | D        | Found a glowing silver altar of Zin.
   309 | D        | Found a glowing golden altar of the Shining One.
   309 | D        | Found a white marble altar of Elyvilon.
   310 | D        | Noticed a deep elf mage
   314 | D        | Noticed an ice beast
   323 | D        | Killed a deep elf mage
   323 | D        | Reached skill level 10 in Maces & Flails
   323 | D        | Reached XP level 6. HP: 17/44 MP: 6/6
   323 | D        | Reached XP level 7. HP: 18/48 MP: 7/7
   506 | D        | Found a hide-covered altar of Uskayaw.
   506 | D        | Found a roughly hewn altar of Beogh.
   506 | D        | Found an iron altar of Okawaru.
   506 | D        | Found a bloodstained altar of Trog.
   506 | D        | Found an ornate altar of the Wu Jian Council.
   506 | D        | Noticed a human
   506 | D        | Noticed a human
   551 | D        | Killed a human
   584 | D        | Killed a human
   584 | D        | Reached skill level 11 in Maces & Flails
   586 | D        | Killed a yaktaur
   614 | D        | Killed a yaktaur
   723 | D        | Found a basalt altar of Yredelemnul.
   723 | D        | Found a shadowy altar of Dithmenos.
   723 | D        | Found a sacrificial altar of Ru.
   728 | D        | Reached XP level 8. HP: 55/55 MP: 8/8
   742 | D        | Noticed a shadow
   762 | D        | Killed a shadow
   895 | D        | Found a blossoming altar of Fedhas.
   895 | D        | Found a stormy altar of Qazlal.
   895 | D        | Found a snail-covered altar of Cheibriados.
   895 | D        | Found a burning altar of Makhleb.
   895 | D        | Found a shimmering altar of Xom.
   896 | D        | Found a hazy altar of Hepliaklqana.
   896 | D        | Found an opulent altar of Gozag.
   896 | D        | Found a sparkling altar of Nemelex Xobeh.
   896 | D        | Found a corrupted altar of Lugonu.
   896 | D        | Found a viscous altar of Jiyva.
   912 | D        | Became a worshipper of Cheibriados the Contemplative
   921 | D        | Noticed Snorg
   937 | D        | Mangled by Snorg

Skill      XL: |  1  2  3  4  5  6  7  8 |
---------------+-------------------------+-----
Armour         | 1 2 4 7 8 |  8.8
Fighting       | 3 5 7 8 9 |  9.2
Maces & Flails | 5 6 7 10 11 | 11.7
Dodging        | 3 4 6 7 |  7.3
Throwing       | |  1.7

Action                   |  1- 3 |  4- 6 |  7- 9 || total
-------------------------+-------+-------+-------++-------
Melee: Flail             |    31 |    24 |    95 ||   150
Throw: Throwing net      |       |       |     3 ||     3
  Use: Potion            |     3 |     1 |     3 ||     7
 Stab: Held in net/web   |       |       |     2 ||     2
Armor: Leather armour    |     5 |       |       ||     5
       Ring mail         |     6 |    10 |    33 ||    49
Dodge: Dodged            |    19 |    16 |    41 ||    76
